 Dungeon Sprint DCSS version 0.30.0-29-ga12c61a403 (webtiles) character file.

Game seed: 13018078797089587843

1997 boopmooplesden the Carver (level 9, -3/89 HPs)
             Began as a Grey Draconian Berserker on June 23, 2023.
             Was a High Priest of Trog.
             Succumbed to a swamp dragon's poison gas
             ... in the Dungeon (Sprint VII: "The Pits").
             The game lasted 00:02:53 (944 turns).

boopmooplesden the Carver (Grey Draconian Berserker) Turns: 944, Time: 00:02:53

Health: -3/89      AC: 13    Str: 26    XL:     9   Next: 2%
Magic:  9/9        EV: 17    Int: 11    God:    Trog [*****.]
Gold:   0          SH:  0    Dex: 14    Spells: 8/8 levels left

rFire   . . .        o - +2 scimitar "Xeynoloh" {speed, Will+ Str+3}
rCold   . . .        (no shield)
rNeg    . . .        (body armour unavailable)
rPois   .            (helmet restricted)
rElec   .            p - +0 cloak
rCorr   .            (no gloves)
SInv    .            (no boots)
Will    +++..        (no amulet)
Stlth   +            m - +3 ring of intelligence
HPRegen 1.34/turn    n - +3 ring of strength
MPRegen 0.11/turn

%: no teleportation
@: lethally poisoned (-3 -> -51), strong-willed, regenerating
A: AC +12, amphibious, unfitting armour, cold-blooded
a: Renounce Religion, Berserk, Trog's Hand, Brothers in Arms


You were in the Dungeon.
You worshipped Trog.
Trog was extremely pleased with you.
You visited 1 branch

Inventory:

Hand Weapons
 a - a +0 falchion
 h - a +2 falchion
 k - a +1 long sword of holy wrath
 l - a +3 great sword of flaming
 o - the +2 scimitar "Xeynoloh" (weapon) {speed, Will+ Str+3}
   (You found it in the Dungeon)

   Str:       It affects your strength (+3).
   Will:      It increases your willpower.
Armour
 p - a +0 cloak (worn)
Jewellery
 m - a +3 ring of intelligence (left hand)
 n - a +3 ring of strength (right hand)
Scrolls
 g - a scroll of blinking
 j - a scroll of butterflies
Potions
 b - 10 potions of curing
 c - 4 potions of heal wounds
 d - a potion of haste
 e - 4 potions of magic
 f - 3 potions of berserk rage
 i - 2 potions of invisibility


   Skills:
 + Level 11.5 Fighting
 + Level 13.3 Long Blades
 + Level 11.4 Dodging


You had 8 spell levels left.
You didn't know any spells.
Your spell library was empty.

Dungeon Overview and Level Annotations

Branches:
Dungeon (1/1)

Altars:


Innate Abilities, Weirdness & Mutations

Your dull iron-grey scales are very hard. (AC +12)
You are amphibious.
You cannot fit into any form of body armour.
You are cold-blooded and may be slowed by cold attacks.


Message History

The swamp dragon closely misses you. The swamp dragon barely misses you. x2
You hit the swamp dragon but do no damage.
You punch the swamp dragon, but do no damage.
The swamp dragon is moderately wounded.
You are engulfed in poison gas.
You are more poisoned.
You feel very sick.
You hit the swamp dragon. You punch the swamp dragon.
The swamp dragon is moderately wounded.
You are engulfed in poison gas.
You are lethally poisoned!
* * * LOW HITPOINT WARNING * * *
You feel extremely sick. The swamp dragon barely misses you.
The swamp dragon misses you.
The swamp dragon tramples you but does no damage.
You feel better.
You are engulfed in poison gas.
You are poisoned.
You feel very sick. The swamp dragon completely misses you.
The swamp dragon claws you!
* * * LOW HITPOINT WARNING * * *
The swamp dragon closely misses you.
You barely miss the swamp dragon.
The swamp dragon is moderately wounded.
You are engulfed in poison gas.
You are lethally poisoned!
* * * LOW HITPOINT WARNING * * *
You feel very sick.
You slash the swamp dragon!
Your tail-slap misses the swamp dragon.
The swamp dragon is heavily wounded.
You are engulfed in poison gas.
You are more poisoned.
* * * LOW HITPOINT WARNING * * *
x2 You feel extremely sick.
The swamp dragon closely misses you.
The swamp dragon claws you but does no damage.
The swamp dragon barely misses you.
You slice the swamp dragon!!
Your tail-slap misses the swamp dragon.
The swamp dragon is almost dead.
You are engulfed in poison gas.
You are more poisoned.
* * * LOW HITPOINT WARNING * * *
You die...

'................+
#......#..#......#
#................#
####'#####''#####
#.......##''#
#.......##..##
#.......##...## .#
#...<...###...##+##°.##
#.......# ##).sD@°..○.#
#.......###..###+###...#
#.......##..## #
##########..+
##########..##
...#...[###D.###+###s..
...#..[[# ##.°...D.○°.#
...'..))# #...##+##..##
...#...)##...##


You could see a swamp dragon and a tarantella.

Vanquished Creatures
  A black mamba (D)
  A gargoyle (D)
  An ice devil (D)
  A guardian mummy (D)
  A troll (D)
  2 flying skulls (D)
  A sky beast (D)
  A centaur (D)
  A scorpion (D)
  A bullfrog (D)
  A crimson imp (D)
  A quasit (D)
  A gnoll bouda (D)
  A river rat (D)
  2 ufetubi (D)
  An adder skeleton (D)
  A ball python (D)
  An endoplasm (D)
  2 hobgoblins (D)
  10 jackals (D)
  A kobold (D)
  2 frilled lizards (D)
  A quokka skeleton (D)
  A rat (D)
37 creatures vanquished.

Notes
Turn   | Place    | Note
-------+----------+-------------------------------------------
     0 | D        | boopmooplesden the Draconian Berserker began the quest for
                  | the Orb.
     0 | D        | Reached XP level 1. HP: 19/19 MP: 1/1
    59 | D        | Reached ** piety under Trog
    65 | D        | Reached XP level 2. HP: 23/27 MP: 2/2
    76 | D        | Reached *** piety under Trog
    81 | D        | Reached skill level 4 in Long Blades
   190 | D        | Noticed a scorpion
   196 | D        | Killed a scorpion
   196 | D        | Reached **** piety under Trog
   197 | D        | Reached skill level 5 in Fighting
   197 | D        | Reached skill level 5 in Long Blades
   197 | D        | Reached skill level 5 in Dodging
   197 | D        | Reached XP level 3. HP: 37/37 MP: 3/3
   197 | D        | Reached XP level 4. HP: 44/44 MP: 4/4
   209 | D        | Reached ***** piety under Trog
   267 | D        | Noticed a bullfrog
   268 | D        | Noticed a centaur
   274 | D        | Killed a bullfrog
   274 | D        | Received a gift from Trog
   275 | D        | Reached skill level 6 in Long Blades
   275 | D        | Reached XP level 5. HP: 43/51 MP: 5/5
   284 | D        | Killed a centaur
   285 | D        | Reached skill level 7 in Long Blades
   373 | D        | Noticed a flying skull
   383 | D        | Killed a flying skull
   384 | D        | Reached skill level 8 in Long Blades
   384 | D        | Reached XP level 6. HP: 22/62 MP: 6/6
   528 | D        | Noticed a sky beast
   535 | D        | Killed a sky beast
   536 | D        | Reached skill level 9 in Long Blades
   536 | D        | Your scales start taking on a dull iron-grey colour.
   536 | D        | Reached XP level 7. HP: 64/70 MP: 7/7
   547 | D        | Received a gift from Trog
   554 | D        | Noticed a black mamba
   554 | D        | Noticed an ice devil
   562 | D        | Killed a black mamba
   563 | D        | Reached skill level 10 in Long Blades
   563 | D        | Reached skill level 10 in Dodging
   564 | D        | Killed an ice devil
   565 | D        | Reached skill level 10 in Fighting
   565 | D        | Reached skill level 11 in Long Blades
   565 | D        | Reached XP level 8. HP: 79/79 MP: 8/8
   640 | D        | Got the +2 scimitar "Xeynoloh" {speed, Will+ Str+3}
   711 | D        | Noticed a flying skull
   711 | D        | Noticed a troll
   711 | D        | Noticed a gargoyle
   720 | D        | Killed a flying skull
   728 | D        | Killed a gargoyle
   729 | D        | Reached skill level 12 in Long Blades
   733 | D        | Killed a troll
   774 | D        | Noticed a guardian mummy
   782 | D        | Killed a guardian mummy
   782 | D        | Reached ****** piety under Trog
   783 | D        | Reached skill level 13 in Long Blades
   783 | D        | Reached XP level 9. HP: 78/89 MP: 9/9
   914 | D        | Noticed a swamp dragon
   931 | D        | HP: 1/89 [poisoned by a swamp dragon (poison gas)]
   944 | D        | HP: 3/89 [swamp dragon] (3)]
   944 | D        | Succumbed to a swamp dragon's poison gas

Illustrated notes

Levels and vault maps discovered:
D:        pitsprint [storerooms_1, entrance_room_1, metal_vault_5, armoury_2,
          mini_pit_1, grid_room_1, main_hall_1, silver_pit, the_coven_3,
          the_vestibule_1, steel_vault_3, golden_pit, hallway_of_sentries,
          crystal_vault_4, iron_vault_5, final_vault]

Skill      XL: |  1  2  3  4  5  6  7  8 |
---------------+-------------------------+-----
Dodging        | 3 5 6 9 10 11 | 11.4
Fighting       | 4 5 6 8 9 10 11 | 11.5
Long Blades    | 5 6 8 9 11 13 | 13.3

Action                     |  1- 3 |  4- 6 |  7- 9 || total
---------------------------+-------+-------+-------++-------
  Melee: Falchion          |    50 |    10 |       ||    60
         Tailslap          |     3 |     1 |     9 ||    13
         Long sword        |       |    15 |       ||    15
         Great sword       |       |    16 |    19 ||    35
         Scimitar          |       |       |    35 ||    35
         Punch             |       |       |     3 ||     3
 Invoke: Berserk           |     2 |     2 |     2 ||     6
         Trog's Hand       |       |       |     1 ||     1
    Use: Potion            |       |       |     4 ||     4
 Armour: Skin              |    32 |    21 |    15 ||    68
  Dodge: Dodged            |    74 |    33 |    39 ||   146
